 Dungeon Crawl Stone Soup version 0.27-a0-686-gaed091b46b (webtiles) character file.

Game seed: 11879971178942846975

16 teseract the Grave Robber (level 2, 0/13 HPs)
             Began as a Vine Stalker Necromancer on Mar 20, 2021.
             Slain by a goblin
             ... wielding a +0 club
              (2 damage)
             ... on level 2 of the Dungeon.
             The game lasted 00:13:55 (567 turns).

teseract the Grave Robber (Vine Stalker Necromancer) Turns: 567, Time: 00:13:56

Health: 0/13       AC:  3    Str: 10    XL:     2   Next: 58%
Magic:  0/6        EV: 12    Int: 15    God:
Gold:   47         SH:  0    Dex: 14    Spells: 4/5 levels left

rFire    . . .     SeeInvis .   g - +0 dagger
rCold    . . .     Faith    .   (no shield)
rNeg     . . .     Spirit   +   a - +0 robe
rPois    .         Reflect  .   (no helmet)
rElec    .         Harm     .   f - +0 cloak
rCorr    .         Rampage  .   (no gloves)
Will     +....                  (no boots)
Stlth    ++........             (no amulet)
HPRegen  0.04/turn              e - ring of willpower
MPRegen  0.10/turn              (no ring)

@: no status effects
A: fangs 2, magic shield, antimagic bite, no potion heal 3
a: no special abilities


You were on level 2 of the Dungeon.
You visited 1 branch of the dungeon, and saw 2 of its levels.

You collected 47 gold pieces.

Inventory:

Hand Weapons
 g - a +0 dagger (weapon)
 j - a +0 short sword
Missiles
 c - 50 stones
 i - 6 javelins
Armour
 a - a +0 robe (worn)
 f - a +0 cloak (worn)
Jewellery
 e - a ring of willpower (right hand)
Scrolls
 d - 2 scrolls of identify {unknown}
 h - a scroll of enchant weapon {unknown}


   Skills:
 + Level 1.6 Dodging
 + Level 2.5 Stealth
 + Level 2.3 Spellcasting
 + Level 4.5 Necromancy


You had 4 spell levels left.
You knew the following spells:

 Your Spells              Type           Power      Damage    Failure   Level
a - Pain                  Necr           60%        1d7       3%          1

Your spell library contained the following spells:

 Spells                   Type           Power      Damage    Failure   Level
 Animate Skeleton         Necr           30%        N/A       3%          1
 Vampiric Draining        Necr           7%         2d7       10%         3
 Animate Dead             Necr           7%         N/A       32%         4
 Agony                    Necr           15%        N/A       67%         5


Dungeon Overview and Level Annotations

Branches:
Dungeon (2/15)

Altars:


Innate Abilities, Weirdness & Mutations

You have extremely sharp teeth.
When hurt, damage is shared between your health and your magic reserves.
Your bite disrupts and absorbs the magic of your enemies.
Potions cannot restore your health.


Message History

You don't have enough magic to cast this spell.
Casting: Pain (safe; 3% risk of failure)
Confirm with . or Enter, or press ? or * to list all spells.
You don't have enough magic to cast this spell.
Casting: Pain (safe; 3% risk of failure)
Confirm with . or Enter, or press ? or * to list all spells.
You don't know that spell.
Casting: Pain (safe; 3% risk of failure)
Confirm with . or Enter, or press ? or * to list all spells.
You don't know that spell.
Casting: Pain (safe; 3% risk of failure)
Confirm with . or Enter, or press ? or * to list all spells.
You don't know that spell.
Casting: Pain (safe; 3% risk of failure)
Confirm with . or Enter, or press ? or * to list all spells.
You don't know that spell.
Casting: Pain (safe; 3% risk of failure)
Confirm with . or Enter, or press ? or * to list all spells.
You don't know that spell.
As you read the scroll labelled MUDDUE COTENYL, it crumbles to dust.
You feel aware of your surroundings.
It was a scroll of magic mapping.
Casting: Pain (safe; 3% risk of failure)
Confirm with . or Enter, or press ? or * to list all spells.
You don't know that spell.
Casting: Pain (safe; 3% risk of failure)
Confirm with . or Enter, or press ? or * to list all spells.
You don't know that spell.
You barely miss the goblin. The goblin closely misses you.
You completely miss the goblin. The goblin hits you but does no damage.
You barely miss the goblin. The goblin closely misses you.
Casting: Pain (safe; 3% risk of failure)
Confirm with . or Enter, or press ? or * to list all spells.
You don't know that spell.
Casting: Pain (safe; 3% risk of failure)
Confirm with . or Enter, or press ? or * to list all spells.
You don't know that spell.
You miss the goblin. Your bite misses the goblin.
The goblin completely misses you.
You barely miss the goblin. The goblin hits you with a +0 club.
You die...

*,........#*,**,*,*,,,,
*,........#*,*,,*,*,,,,
######....#*,*,,*,*,,,,
**###..$....#)#*,*,,*,*,,,,
*,......?##*#.#*,*,,*,*,,,,
*,.......* #.#*,*,,*,*,,,,
*,.......* #.#*,*,,*,*****
*,(......####.##,*,,*,*
*,........@g...#,*,,*,****
**###.###.######,*,,*,,,,*
*,* #......#,*,,****,* *,*
######.#,*,,* *,** *,*
#.#,**** *,,, *,* #.#,*
**** *,* #.#,* *,* #.#,*
*,* #.#,*


You could see a goblin.

Vanquished Creatures
  A dart slug (D:1)
  2 bats (D:1)
  A giant cockroach (D:1)
  4 goblins
  A hobgoblin (D:1)
  2 kobolds (D:1)
  A frilled lizard (D:2)
  A rat (D:1)
13 creatures vanquished.

Notes
Turn   | Place    | Note
-------+----------+-------------------------------------------
     0 | D:1      | teseract the Vine Stalker Necromancer began the quest for
                  | the Orb.
     0 | D:1      | Reached XP level 1. HP: 9/9 MP: 4/4
   274 | D:1      | Reached XP level 2. HP: 11/13 MP: 4/6
   567 | D:2      | Slain by a goblin

Illustrated notes

Levels and vault maps discovered:
D:1:      shiori_arrival_oz, layout_rooms, st_stairs_8
D:2:      layout_basic, uniq_sigmund

Action                   || total
-------------------------++-------
Melee: Unarmed           ||    21
       Bite              ||     6
       Dagger            ||     6
 Cast: Pain              ||    16
  Use: Scroll            ||     1
Armor: Robe              ||     4
Dodge: Dodged            ||    28

Table legend: (Time is in decaauts)
 A = Elapsed time spent in this place.
 B = Non-inter-level travel time spent in this place.
 C = Inter-level travel time spent in this place.
 D = Time resting spent in this place.
 E = Time spent auto-exploring this place.
 F = Levels seen in this place.
 G = Mean time per level.
                   A        B        C        D        E       F      G
               +--------+--------+--------+--------+--------+-----+--------+
         Total |    565 |    565 |      0 |      0 |    178 |   2 |  282.5 |
       Dungeon |    565 |    565 |      0 |      0 |    178 |   2 |  282.5 |
               +--------+--------+--------+--------+--------+-----+--------+

Top non-repeatable levels by time:
     D:1: 518 daAuts
     D:2: 47 daAuts
